 Dungeon Crawl Stone Soup version 0.30-a0-793-g160f7cfddd (webtiles) character file.

Game seed: 12558760210587956893

35 Aneyh the Cudgeller (level 3, 0/23 HPs)
             Began as a Tengu Monk on Feb 19, 2023.
             Slain by an orc wizard
             ... wielding a +0 dagger
              (2 damage)
             ... on level 2 of the Dungeon.
             The game lasted 00:02:13 (869 turns).

Aneyh the Cudgeller (Tengu Monk)                     Turns: 869, Time: 00:02:14

Health: 0/23       AC:  2    Str: 13    XL:     3   Next: 35%
Magic:  3/4        EV: 13    Int: 10    God:
Gold:   59         SH:  0    Dex: 16    Spells: 2/2 levels left

rFire   . . .      SeeInvis .    b - +4 dagger
rCold   . . .      Faith    .    (no shield)
rNeg    . . .      Spirit   .    j - +0 robe
rPois   .          Reflect  .    (helmet restricted)
rElec   .          Harm     .    (no cloak)
rCorr   .          Rampage  .    (no gloves)
Will    .....                    (boots unavailable)
Stlth   ++                       (no amulet)
HPRegen 0.23/turn                (no ring)
MPRegen 0.09/turn                (no ring)

@: studying Poison Magic
A: beak, talons 3
a: no special abilities


You were on level 2 of the Dungeon.
You visited 1 branch of the dungeon, and saw 2 of its levels.

You collected 59 gold pieces.

Inventory:

Hand Weapons
 a - a +0 spear
 b - a +4 dagger (weapon)
 k - a +0 mace
Armour
 j - a +0 robe (worn)
Scrolls
 d - a scroll of immolation {unknown}
 e - a scroll of identify {unknown}
Potions
 f - a potion of curing {unknown}
 g - a potion of flight {unknown}
 h - a potion of brilliance {unknown}


   Skills:
 - Level 3.0 Fighting
 + Level 4.8 Maces & Flails
 - Level 3.2 Dodging
 - Level 2.0 Stealth


You had 2 spell levels left.
You didn't know any spells.
Your spell library contained the following spells:

 Spells                   Type           Power      Damage    Failure   Level
 Necrotise                Necr           0%         1d4       36%         1
 Ozocubu's Armour         Ice            0%         N/A       75%         3
 Vampiric Draining        Necr           0%         2d6       75%         3
 Agony                    Necr           0%         N/A       100%        5
 Ozocubu's Refrigeration  Ice            0%         4d7       100%        7


Dungeon Overview and Level Annotations

Branches:
Dungeon (2/15)

Altars:


Innate Abilities, Weirdness & Mutations

You have a beak for a mouth.
You have claws for feet.


Message History

An orc comes into view. It is wielding a +0 short sword.
The orc shouts!
You hit the orc. Your kick misses the orc. You peck the orc, but do no damage.
The orc is moderately wounded.
The orc priest hits you with a +2 antimagic dagger.
You barely miss the orc. You claw the orc.
The orc is almost dead.
A goblin comes into view. It is wielding a +0 dagger.
The orc priest hits you with a +2 antimagic dagger.
The orc hits you but does no damage.
You feel less invigorated.
You feel less confused.
You hit the orc but do no damage. Your kick misses the orc.
The orc is almost dead.
You puncture the orc!
You kill the orc!
The orc priest looks encouraged for a moment.
Something hits you. The orc hits you with a +0 whip.
The orc priest hits you with a +2 antimagic dagger.
You feel your power leaking away.
You hit the orc priest.
You claw the orc priest, but do no damage.
The orc priest is moderately wounded.
Something hits you. The orc hits you with a +0 whip.
The orc priest closely misses you.
You hit the orc priest but do no damage.
You claw the orc priest, but do no damage.
The orc priest is moderately wounded.
You hear some strange, mumbled words.
A magic dart appears from out of thin air!
The magic dart hits you.
* * * LOW HITPOINT WARNING * * *
The orc misses you.
The orc priest calls down the wrath of Beogh upon you.
Pain shoots through your body!
* * * LOW HITPOINT WARNING * * *
The orc priest attacks as you move away!
The orc priest hits you but does no damage.
You barely miss the orc. Something hits you.
You die...

.# ###.# #> ....
.. ##.. .#
##...# .#
#.....##.###..#
#.(.....o.....#
#.....#o####.##.
#.....@.).......
#....).g?....###
####.........#
####.####.# #.#
#.# #.# #.# #.#
#.#
..#######.####.#
....).........<#


You could see 2 orcs and a goblin.

Vanquished Creatures
  A gnoll (D:1)
  An orc (D:2)
  2 ball pythons (D:1)
  An endoplasm (D:1)
  4 goblins
  A hobgoblin (D:1)
  4 jackals (D:1)
  A quokka (D:1)
  A bat (D:1)
  A frilled lizard (D:1)
  3 kobolds
  2 rats (D:1)
22 creatures vanquished.

Notes
Turn   | Place    | Note
-------+----------+-------------------------------------------
     0 | D:1      | Aneyh the Tengu Monk began the quest for the Orb.
     0 | D:1      | Reached XP level 1. HP: 14/14 MP: 2/2
   122 | D:1      | Reached skill level 4 in Maces & Flails
   122 | D:1      | Reached XP level 2. HP: 14/19 MP: 3/3
   468 | D:1      | Reached XP level 3. HP: 21/23 MP: 4/4
   869 | D:2      | Slain by an orc wizard

Illustrated notes

Levels and vault maps discovered:
D:1:      saegor_arrival_simple_d, layout_loops_ring, kennysheep_pointless_box
D:2:      layout_loops_ring, basic_altar, kennysheep_generic_room_3

Skill      XL: |  1 |
---------------+----+-----
Maces & Flails | 4 |  4.8
Fighting       | |  3.0
Dodging        | |  3.2
Stealth        | |  2.0

Action                     || total
---------------------------++-------
  Melee: Mace              ||    46
         Kick              ||    17
         Peck              ||     5
         Dagger            ||    12
         Spear             ||     1
  Throw: Dart              ||     3
    Use: Potion            ||     1
   Stab: Sleeping          ||     5
 Armour: Robe              ||    11
  Dodge: Dodged            ||    35

Table legend: (Time is in decaauts)
 A = Elapsed time spent in this place.
 B = Non-inter-level travel time spent in this place.
 C = Inter-level travel time spent in this place.
 D = Time resting spent in this place.
 E = Time spent auto-exploring this place.
 F = Levels seen in this place.
 G = Mean time per level.
                   A        B        C        D        E       F      G
               +--------+--------+--------+--------+--------+-----+--------+
         Total |    874 |    860 |     14 |     20 |    661 |   2 |  437.0 |
       Dungeon |    874 |    860 |     14 |     20 |    661 |   2 |  437.0 |
               +--------+--------+--------+--------+--------+-----+--------+

Top non-repeatable levels by time:
     D:1: 835 daAuts
     D:2: 39 daAuts
